 Dungeon Crawl Stone Soup version 0.28-a0-1412-gf95308ed99 (webtiles) character file.

Game seed: 11655461763469401047

492 voltaire321 the Sneak (level 6, 0/26 (29) HPs)
             Began as a Spriggan Enchanter on Jan 6, 2022.
             Succumbed to a kobold brigand's curare-tipped dart
             ... on level 4 of the Dungeon.
             The game lasted 00:18:07 (4826 turns).

voltaire321 the Sneak (Spriggan Enchanter)          Turns: 4826, Time: 00:18:08

HP:   0/26 (29)     AC:  3    Str:  9    XL:     6   Next: 91%
MP:   16/22         EV: 19    Int: 18    God:
Gold: 263           SH:  5    Dex: 16    Spells: 3/14 levels left

rFire   + . .      SeeInvis +   l - +4 dagger of Yredelemnul's Pride {flame, MP+9 Str+3 Int+2}
rCold   . . .      Faith    .   (no shield)
rNeg    . . .      Spirit   .   e - +0 robe
rPois   .          Reflect  +   (helmet restricted)
rElec   .          Harm     .   o - +0 cloak
rCorr   .          Rampage  .   (gloves unavailable)
Will    +....                   (boots unavailable)
Stlth   +++.......              b - amulet of reflection
HPRegen 0.08/turn               d - ring of protection from fire
MPRegen 0.18/turn               (no ring)

@: lethally poisoned (0 -> -2), slowed, heavily drained, quick
A: very small, no large weapons, unfitting armour, see invisible, speed 3
a: no special abilities


You were on level 4 of the Dungeon.
You visited 2 branches of the dungeon, and saw 5 of its levels.

You collected 263 gold pieces.

Inventory:

Hand Weapons
 a - a +1 dagger
 h - a +2 short sword of holy wrath
 l - the +4 dagger of Yredelemnul's Pride (weapon) {flame, MP+9 Str+3 Int+2}
   (You found it on level 2 of the Dungeon)

   It burns those it strikes, dealing additional fire damage.
   Str:       It affects your strength (+3).
   Int:       It affects your intelligence (+2).
   MP:        It affects your magic capacity (+9).
Missiles
 u - 29 poisoned darts (quivered)
Armour
 e - a +0 robe (worn)
 k - a +0 buckler
 o - a +0 cloak (worn)
Jewellery
 b - an amulet of reflection (around neck)
 d - a ring of protection from fire (left hand)
Wands
 n - a wand of flame (23)
 w - a wand of polymorph (10)
Potions
 c - a potion of invisibility
 f - a potion of cancellation {unknown}
 m - a potion of resistance
 r - 2 potions of curing
 s - a potion of heal wounds {unknown}
 t - a potion of mutation {unknown}
 x - a potion of degeneration {unknown}


   Skills:
 + Level 0.5 Fighting
 + Level 3.5 Short Blades
 + Level 5.0 Dodging
 + Level 6.6 Stealth
 + Level 4.6 Spellcasting
 + Level 5.1 Hexes


You had 3 spell levels left.
You knew the following spells:

 Your Spells              Type           Power      Damage    Failure   Level
a - Ensorcelled Hibernat  Hex/Ice        26%        N/A       7%          2
b - Tukima's Dance        Hex            22%        N/A       4%          3
c - Dazzling Flash        Conj/Hex       26%        N/A       14%         3
d - Confusing Touch       Hex            22%        N/A       4%          3

Your spell library contained the following spells:

 Spells                   Type           Power      Damage    Failure   Level
 Sublimation of Blood     Necr           4%         N/A       22%         2
 Petrify                  Tmut/Erth      4%         N/A       80%         4
 Irradiate                Conj/Tmut      2%         3d14      98%         5


Dungeon Overview and Level Annotations

Branches:
Dungeon (4/15)             Temple (1/1) D:4

Altars:
Ashenzari
Cheibriados
Dithmenos
Fedhas
Hepliaklqana
Makhleb
Okawaru
Qazlal
Sif Muna
Uskayaw
Vehumet
Zin
The Shining One


Innate Abilities, Weirdness & Mutations

You are very small and have problems with some larger weapons.
You are too small for most types of armour.
You have supernaturally acute eyesight. (SInv)
You cover ground extremely quickly. (Speed+++)


Message History

You hit the wight. You burn the wight.
You destroy the wight!
The kobold brigand hits your +4 scimitar with a +0 great sword.
Your +4 scimitar falls from the air.
You block the wight's attack.
Your Dodging skill increases to level 5!
Casting: Tukima's Dance (quite dangerous; 4% risk of failure)
Confirm with . or Enter, or press ? or * to list all spells.
The spell is quite dangerous to miscast (4% risk of failure)!
Continue anyway?
Aiming: Tukima's Dance (quite dangerous; 4% risk of failure)
Press: ? - help, Shift-Dir - straight line, f - kobold brigand
Aim: a kobold brigand, wielding a +0 great sword and quivering curare-tipped darts (severely wounded, chance to affect: 54%)
The kobold brigand resists with significant effort.
You barely miss the kobold brigand.
The kobold brigand is severely wounded.
The kobold brigand closely misses you.
You barely miss the kobold brigand.
The kobold brigand is severely wounded.
The wight misses you.
The kobold brigand hits you with a +0 great sword.
You hit the kobold brigand. You burn the kobold brigand.
The kobold brigand is severely wounded.
The wight hits you from afar with a +0 spear!
* * * LOW HITPOINT WARNING * * *
You feel drained.
* * * LOW HITPOINT WARNING * * *
The kobold brigand throws a curare-tipped dart.
The curare-tipped dart hits you.
You are poisoned.
You have difficulty breathing.
* * * LOW HITPOINT WARNING * * *
You feel yourself slow down.
* * * LOW HITPOINT WARNING * * *
You feel sick.
The kobold brigand throws a curare-tipped dart.
The curare-tipped dart completely misses you.
A black bear comes into view.
* * * LOW HITPOINT WARNING * * *
You feel sick.
You die...

###.####### #.#
#.# #.# ##### #.#
#.).###.##
Y###.....#########
## ##..>)Y[zK....#
# ##....######@#
#...## #.......#
##..## #.#####.#
##.#K# #h#
.###.##.# #.#
#...###'# #..
##.###.Y.# #.#
#.##.....# #.#
..#.......#


You could see a black bear (asleep), an ice beast, a kobold brigand and a wight.

Vanquished Creatures
  2 wights (D:4)
  An orc priest (D:4)
  Crazy Yiuf (D:2)
  3 orc wizards (D:4)
  3 adders
  2 worms (D:3)
  3 dart slugs
  9 orcs
  6 ball pythons
  A bat (D:3)
  6 endoplasms
  2 giant cockroaches
  6 goblins
  6 hobgoblins
  8 jackals
  5 kobolds
  3 quokkas
  3 frilled lizards
  6 rats
76 creatures vanquished.

Vanquished Creatures (collateral kills)
  Sigmund (D:2)
1 creature vanquished.

Vanquished Creatures (others)
  A dancing weapon (D:4)
1 creature vanquished.

Grand Total: 78 creatures vanquished

Notes
Turn   | Place    | Note
-------+----------+-------------------------------------------
     0 | D:1      | voltaire321 the Spriggan Enchanter began the quest for the
                  | Orb.
     0 | D:1      | Reached XP level 1. HP: 9/9 MP: 5/5
   419 | D:1      | Reached XP level 2. HP: 10/13 MP: 6/6
   496 | D:1      | Learned a level 2 spell: Ensorcelled Hibernation
  1050 | D:1      | Found a faded altar of an unknown god.
  1349 | D:2      | Reached XP level 3. HP: 16/16 MP: 8/8
  1360 | D:2      | Reached skill level 5 in Stealth
  1566 | D:2      | Noticed Sigmund
  2050 | D:2      | Identified the +4 dagger of Yredelemnul's Pride {flame,
                  | MP+9 Str+3 Int+2}
  2223 | D:2      | Learned a level 3 spell: Tukima's Dance
  2242 | D:2      | Killed Sigmund
  2243 | D:2      | Reached XP level 4. HP: 1/21 MP: 0/11
  2243 | D:2      | Reached XP level 5. HP: 1/24 MP: 0/12
  2622 | D:2      | Found a runed translucent door.
  2623 | D:2      | Noticed Crazy Yiuf
  2630 | D:2      | Killed Crazy Yiuf
  2631 | D:2      | Reached skill level 6 in Stealth
  3108 | D:3      | Found a glowing silver altar of Zin.
  3278 | D:3      | Reached XP level 6. HP: 28/28 MP: 13/13
  3837 | D:4      | Identified a scroll of acquirement
  3837 | D:4      | Acquired an amulet of reflection
  3927 | D:4      | Noticed an ice beast
  4229 | D:4      | Reached skill level 5 in Hexes
  4327 | D:4      | Learned a level 3 spell: Dazzling Flash
  4577 | D:4      | Found a staircase to the Ecumenical Temple.
  4584 | Temple   | Entered the Ecumenical Temple
  4802 | D:4      | Learned a level 3 spell: Confusing Touch
  4818 | D:4      | Reached skill level 5 in Dodging
  4825 | D:4      | HP: 1/26 [poisoned by a kobold brigand (curare-tipped
                  | dart)]
  4826 | D:4      | Succumbed to a kobold brigand's curare-tipped dart

Illustrated notes

Levels and vault maps discovered:
D:1:      minmay_arrival_glassed_features, layout_basic,
          shapermc_ecumenical_altar_mp_urbaneastern, nicolae_figureground_pulse
D:2:      layout_loops_ring, minmay_quadrilaterals, uniq_sigmund,
          uniq_crazy_yiuf_cottage
D:3:      layout_basic, mainiacjoe_overflow_surrounded_room,
          amcnicky_mini_pool_small, dk_noncrumbling_2
D:4:      layout_loops_corners, kennysheep_ying_yang, minmay_temple_entry_wispy,
          supply_closet_lemuel
Temple:   minmay_temple_bridge_abc

Skill      XL: |  1  2  3  4  5  6 |
---------------+-------------------+-----
Dodging        | 3 4 5 |  5.0
Spellcasting   | 3 4 |  4.6
Hexes          | 4 5 |  5.1
Stealth        | 5 6 |  6.6
Short Blades   | 2 3 |  3.5
Fighting       | |  0.5

Action                   |  1- 3 |  4- 6 || total
-------------------------+-------+-------++-------
Melee: Dagger            |    88 |   116 ||   204
       Punch             |     2 |       ||     2
 Cast: Ensorcelled Hiber |    16 |    29 ||    45
       Tukima's Dance    |     2 |     2 ||     4
       Confusing Touch   |       |     1 ||     1
  Use: Scroll            |       |    11 ||    11
 Stab: Sleeping          |    11 |    23 ||    34
       Confused          |       |     1 ||     1
Armor: Robe              |     6 |     7 ||    13
Dodge: Dodged            |    72 |    60 ||   132
Block: Other             |       |    10 ||    10

Table legend: (Time is in decaauts)
 A = Elapsed time spent in this place.
 B = Non-inter-level travel time spent in this place.
 C = Inter-level travel time spent in this place.
 D = Time resting spent in this place.
 E = Time spent auto-exploring this place.
 F = Levels seen in this place.
 G = Mean time per level.
                   A        B        C        D        E       F      G
               +--------+--------+--------+--------+--------+-----+--------+
         Total |   3733 |   3619 |    114 |   1395 |   1392 |   5 |  746.6 |
       Dungeon |   3693 |   3579 |    114 |   1395 |   1385 |   4 |  923.2 |
        Temple |     40 |     40 |      0 |      0 |      7 |   1 |   40.0 |
               +--------+--------+--------+--------+--------+-----+--------+

Top non-repeatable levels by time:
     D:1: 1232 daAuts
     D:2: 1044 daAuts
     D:3: 811 daAuts
     D:4: 604 daAuts
  Temple: 40 daAuts
